 Dungeon Crawl Stone Soup version 0.23-b1-3-gdda8187c6f (webtiles) character file.

Game seed: 12800806483871057266

245 LostNumber the Charmwright (level 6, -10/50 HPs)
             Began as a Gnoll Skald on Jan 31, 2019.
             Was an Initiate of Okawaru.
             Mangled by an ogre
             ... wielding a +0 giant spiked club
              (31 damage)
             ... on level 5 of the Dungeon.
             The game lasted 00:04:42 (3201 turns).

LostNumber the Charmwright (Gnoll Skald)            Turns: 3201, Time: 00:04:43

Health: -10/50     AC:  4    Str: 15    XL:     6   Next: 10%
Magic:  6/13       EV: 14    Int: 22    God:    Okawaru [......]
Gold:   181        SH:  0    Dex: 14    Spells: 5/15 levels left

rFire    . . .     SeeInvis .   m - +8 short sword "Uvusch" {pain, rElec MR+}
rCold    . . .     Gourm    +   (no shield)
rNeg     . . .     Faith    .   b - +0 leather armour
rPois    .         Spirit   .   (no helmet)
rElec    +         Reflect  .   (no cloak)
rCorr    .         Harm     .   (no gloves)
MR       +....                  g - +0 pair of boots
Stlth    ++........             i - amulet of the gourmand
HPRegen  1.16/turn              q - +6 ring of intelligence
MPRegen  0.13/turn              (no ring)

@: infused, regenerating
A: distributed training, fangs 1, strong nose
a: Renounce Religion


You were on level 5 of the Dungeon.
You worshipped Okawaru.
Okawaru was noncommittal.
You were full.

You visited 2 branches of the dungeon, and saw 6 of its levels.

You collected 181 gold pieces.

Inventory:

Hand Weapons
 a - a +0 spear
 m - the +8 short sword "Uvusch" (weapon) {pain, rElec MR+}
   (You found it on level 4 of the Dungeon)

   In the hands of one skilled in necromantic magic, it inflicts extra damage on
   living creatures.
   It insulates you from electricity.
   It affects your resistance to hostile enchantments.
Armour
 b - a +0 leather armour (worn)
 g - a +0 pair of boots (worn)
Jewellery
 i - an amulet of the gourmand (around neck)
 q - a +6 ring of intelligence (left hand)
Scrolls
 c - 6 scrolls of remove curse {unknown}
 j - a scroll of magic mapping {unknown}
 l - a scroll of enchant armour {unknown}
 n - a scroll of fear {unknown}
 p - 2 scrolls of identify {unknown}
 s - a scroll of teleportation {unknown}
Potions
 e - 2 potions of might {unknown}
 f - a potion of heal wounds {unknown}
 h - 2 potions of haste {unknown}
 k - a potion of cancellation {unknown}
 o - a potion of curing {unknown}
 r - a potion of agility {unknown}
Comestibles
 d - 11 rations


   Skills:
 + Level 4.9 Fighting
 + Level 1.7 Short Blades
 + Level 1.7 Long Blades
 + Level 1.7 Axes
 + Level 1.7 Maces & Flails
 + Level 4.9 Polearms
 + Level 1.7 Staves
 + Level 1.7 Slings
 + Level 1.7 Bows
 + Level 1.7 Crossbows
 + Level 1.7 Throwing
 + Level 3.1 Armour
 + Level 4.9 Dodging
 + Level 1.7 Stealth
 + Level 1.7 Shields
 + Level 1.7 Unarmed Combat
 + Level 5.3 Spellcasting
 + Level 1.3 Conjurations
 + Level 1.3 Hexes
 + Level 5.6 Charms
 + Level 1.3 Summonings
 + Level 1.3 Necromancy
 + Level 1.3 Translocations
 + Level 1.3 Transmutations
 + Level 1.3 Fire Magic
 + Level 1.3 Ice Magic
 + Level 1.3 Air Magic
 + Level 1.3 Earth Magic
 + Level 1.3 Poison Magic
 + Level 2.0 Invocations
 + Level 1.7 Evocations


You had 5 spell levels left.
You knew the following spells:

 Your Spells              Type           Power        Failure   Level  Hunger
a - Infusion              Chrm           ####         1%          1    None
b - Shroud of Golubria    Chrm/Tloc      ###.......   4%          2    None
c - Regeneration          Chrm/Necr      ###.......   9%          3    ##.....
d - Spectral Weapon       Hex/Chrm       ###.....     9%          3    ##.....
e - Confusing Touch       Hex            ##....       7%          1    None

Your spell library contained the following spells:

 Spells                   Type           Power        Failure   Level  Hunger
 Song of Slaying          Chrm           ####....     1%          2    None
 Confuse                  Hex            ##......     21%         3    ##.....
 Gell's Gravitas          Tloc           ##........   21%         3    ##.....
 Petrify                  Tmut/Erth      ##......     56%         4    ####...
 Metabolic Englaciation   Hex/Ice        ##........   88%         5    #####..
 Yara's Violent Unravell  Hex/Tmut       ##........   88%         5    #####..


Dungeon Overview and Level Annotations

Branches:
Dungeon (5/15)             Temple (1/1) D:4

Altars:
Cheibriados
Elyvilon
Hepliaklqana
Kikubaaqudgha
Okawaru
Qazlal
Trog
Wu Jian
The Shining One


Innate Abilities, Weirdness & Mutations

Your experience applies equally to all skills.
You have very sharp teeth.
Your uncanny sense of smell can sniff out nearby items.


Message History

Unknown command.
Casting: Shroud of Golubria (safe; 4% risk of failure)
Confirm with . or Enter, or press ? or * to list all spells.
Space distorts slightly along a thin shroud covering your body.
A hound skeleton comes into view.
Casting: Shroud of Golubria (safe; 4% risk of failure)
Confirm with . or Enter, or press ? or * to list all spells.
You begin infusing your attacks with magical energy.
Casting: Infusion (safe; 1% risk of failure)
Confirm with . or Enter, or press ? or * to list all spells.
Your skin crawls.
You barely miss the ogre.
The ogre hits you with a +0 giant spiked club!!
Ouch! That really hurt!
You are too injured to fight recklessly!
You puncture the ogre! You bite the ogre, but do no damage.
The ogre is heavily wounded.
The ogre hits you with a +0 giant spiked club!!
Ouch! That really hurt!
You die...

.....# ....
...... #...
......##...#
...........
........#
....Z.#
##.O..#
#..@..#
#........#
#....##....#
#...##
...... #...#
....< #..#
##### .!# ..


You could see an ogre and a hound skeleton.

Vanquished Creatures
  A gnoll shaman (D:4)
  2 worker ants (D:4)
  4 adders
  5 gnolls (D:4)
  2 oozes
  An adder skeleton (D:4)
  4 worms
  2 dart slugs
  An orc (D:4)
  A giant cockroach (D:2)
  7 goblins
  8 hobgoblins
  3 jackals (D:2)
  12 kobolds
  A quokka (D:3)
  A ball python (D:3)
  3 bats
  4 frilled lizards
  A leopard gecko skeleton (D:4)
  5 rats
68 creatures vanquished.

Notes
Turn   | Place    | Note
-------+----------+-------------------------------------------
     0 | D:1      | LostNumber the Gnoll Skald began the quest for the Orb.
     0 | D:1      | Reached XP level 1. HP: 20/20 MP: 6/6
   170 | D:1      | Reached XP level 2. HP: 26/26 MP: 3/7
   853 | D:2      | Reached skill level 5 in Spellcasting
   853 | D:2      | Reached XP level 3. HP: 31/31 MP: 5/9
   905 | D:2      | Learned a level 2 spell: Shroud of Golubria
   909 | D:2      | Learned a level 3 spell: Regeneration
   913 | D:2      | Learned a level 3 spell: Spectral Weapon
   917 | D:2      | Reached skill level 1 in Invocations
  1082 | D:2      | Reached skill level 1 in Short Blades
  1082 | D:2      | Reached skill level 1 in Long Blades
  1082 | D:2      | Reached skill level 1 in Axes
  1082 | D:2      | Reached skill level 1 in Maces & Flails
  1082 | D:2      | Reached skill level 1 in Staves
  1082 | D:2      | Reached skill level 1 in Slings
  1082 | D:2      | Reached skill level 1 in Bows
  1082 | D:2      | Reached skill level 1 in Crossbows
  1082 | D:2      | Reached skill level 1 in Throwing
  1082 | D:2      | Reached skill level 1 in Stealth
  1082 | D:2      | Reached skill level 1 in Shields
  1082 | D:2      | Reached skill level 1 in Unarmed Combat
  1082 | D:2      | Reached skill level 1 in Evocations
  1114 | D:2      | Reached XP level 4. HP: 24/38 MP: 11/11
  1671 | D:3      | Reached skill level 1 in Conjurations
  1671 | D:3      | Reached skill level 1 in Hexes
  1671 | D:3      | Reached skill level 1 in Summonings
  1671 | D:3      | Reached skill level 1 in Necromancy
  1671 | D:3      | Reached skill level 1 in Translocations
  1671 | D:3      | Reached skill level 1 in Transmutations
  1671 | D:3      | Reached skill level 1 in Fire Magic
  1671 | D:3      | Reached skill level 1 in Ice Magic
  1671 | D:3      | Reached skill level 1 in Air Magic
  1671 | D:3      | Reached skill level 1 in Earth Magic
  1671 | D:3      | Reached skill level 1 in Poison Magic
  2129 | D:3      | Learned a level 1 spell: Confusing Touch
  2144 | D:4      | Found a staircase to the Ecumenical Temple.
  2160 | Temple   | Entered the Ecumenical Temple
  2191 | Temple   | Became a worshipper of Warmaster Okawaru
  2236 | D:4      | Got a bloodstained short sword
  2237 | D:4      | Identified the +8 short sword "Uvusch" {pain, rElec MR+}
                  | (You found it on level 4 of the Dungeon)
  2263 | D:4      | Reached XP level 5. HP: 42/43 MP: 12/12
  2662 | D:4      | Reached XP level 6. HP: 18/50 MP: 13/13
  2932 | D:4      | Found an ornate altar of the Wu Jian Council.
  3196 | D:5      | Entered Level 5 of the Dungeon
  3201 | D:5      | Mangled by an ogre

Skill      XL: |  1  2  3  4  5 |
---------------+----------------+-----
Spellcasting   | 5 |  5.3
Invocations    | 1 2 |  2.0
Short Blades   | 1 |  1.7
Long Blades    | 1 |  1.7
Axes           | 1 |  1.7
Maces & Flails | 1 |  1.7
Staves         | 1 |  1.7
Slings         | 1 |  1.7
Bows           | 1 |  1.7
Crossbows      | 1 |  1.7
Throwing       | 1 |  1.7
Stealth        | 1 |  1.7
Shields        | 1 |  1.7
Unarmed Combat | 1 |  1.7
Evocations     | 1 |  1.7
Conjurations   | 1 |  1.3
Hexes          | 1 |  1.3
Summonings     | 1 |  1.3
Necromancy     | 1 |  1.3
Translocations | 1 |  1.3
Transmutations | 1 |  1.3
Fire Magic     | 1 |  1.3
Ice Magic      | 1 |  1.3
Air Magic      | 1 |  1.3
Earth Magic    | 1 |  1.3
Poison Magic   | 1 |  1.3
Armour         | 3 |  3.1
Fighting       | |  4.9
Polearms       | |  4.9
Dodging        | |  4.9
Charms         | |  5.6

Action                   |  1- 3 |  4- 6 || total
-------------------------+-------+-------++-------
Melee: Spear             |    91 |   108 ||   199
       Bite              |     6 |    14 ||    20
       Short sword       |       |    49 ||    49
 Cast: Infusion          |     3 |     1 ||     4
       Spectral Weapon   |     1 |     5 ||     6
       Regeneration      |       |     3 ||     3
       Shroud of Golubri |       |     2 ||     2
 Stab: Sleeping          |     2 |     2 ||     4
  Eat: Chunk             |       |    17 ||    17
Armor: Leather armour    |    10 |    21 ||    31
Dodge: Dodged            |    41 |    86 ||   127
